 Dungeon Crawl Stone Soup version 0.19.5 (webtiles) character file.

17839 rgaf the Covert (level 12, -1/96 HPs)
             Began as a Vine Stalker Fighter on May 20, 2017.
             Was an Elder of Uskayaw.
             Slain by a komodo dragon (21 damage)
             ... on level 3 of the Lair of Beasts.
             The game lasted 00:16:35 (10936 turns).

rgaf the Covert (Vine Stalker Fighter)             Turns: 10936, Time: 00:16:35

Health: -1/96      AC: 11    Str: 34    XL:     12   Next: 52%
Magic:  0/13       EV: 13    Int:  8    God:    Uskayaw [****..]
Gold:   830        SH: 17    Dex: 19    Spells: 0 memorised, 11 levels left

rFire  . . .     SeeInvis .     a - +1 rapier
rCold  . . .     Gourm    .     b - +0 scale mail
rNeg   . . .     Faith    .     c - +0 shield
rPois  .         Spirit   +     (no helmet)
rElec  .         Reflect  +     i - +0 cloak
rCorr  .         Harm     .     J - +1 pair of gloves
MR     +....                    (no boots)
Stlth  ..........               G - +6 amulet of reflection
                                s - +3 ring of dexterity
                                d - +5 ring of strength

@: berserking, very quick
A: fangs 3, regeneration 2, strong 1, magic shield, antimagic bite, no device
heal 3, rot immunity
a: Stomp, Line Pass, Renounce Religion


You were on level 3 of the Lair of Beasts.
You worshipped Uskayaw.
Uskayaw was noncommittal.
You were not hungry.

You visited 3 branches of the dungeon, and saw 15 of its levels.

You collected 830 gold pieces.

Inventory:

Hand Weapons
 a - a +1 rapier (weapon)
 X - a +3 scimitar of flaming
Armour
 b - a +0 scale mail (worn)
 c - a +0 shield (worn)
 i - a +0 cloak (worn)
 J - a +1 pair of gloves (worn)
 R - a +0 plate armour
Jewellery
 d - a +5 ring of strength (left hand)
 s - a +3 ring of dexterity (right hand)
 G - a +6 amulet of reflection (around neck)
 W - a +3 ring of protection {unknown}
Wands
 r - a wand of confusion (28/48)
 H - a wand of flame (43/48)
Scrolls
 h - 6 scrolls of teleportation
 j - a scroll of fear
 l - a scroll of fog
 p - a scroll of silence {unknown}
 x - a scroll of magic mapping
 y - 2 scrolls of blinking
 A - 2 scrolls of immolation
 D - 2 scrolls of vulnerability
 F - 7 scrolls of remove curse
 I - 2 scrolls of identify
Potions
 e - 2 potions of magic
 g - a potion of resistance
 k - 4 potions of curing
 n - a potion of haste
 z - 3 potions of cancellation {unknown}
 B - a potion of ambrosia {unknown}
 C - 4 potions of degeneration {unknown}
 L - 2 potions of flight {unknown}
 P - 3 potions of heal wounds {unknown}
 T - 5 potions of brilliance {unknown}
 Y - 2 potions of invisibility
Comestibles
 f - 12 bread rations
 m - a chunk of flesh
 o - 4 beef jerkies
 u - 7 fruits
 M - a slice of pizza


   Skills:
 + Level 7.7 Fighting
 - Level 9.6 Short Blades
 + Level 7.2 Armour
 + Level 6.6 Dodging
 * Level 13.6 Stealth
 - Level 2.6 Shields


You had 11 spell levels left.
You didn't know any spells.

Dungeon Overview and Level Annotations

Branches:
Dungeon (11/15)            Temple (1/1) D:5            Lair (3/6) D:9
  Swamp (0/4) Lair:2
  Snake: Lair:2-4    Spider: Lair:2-4       Orc: D:9-12

Altars:
Ashenzari
Dithmenos
Elyvilon
Fedhas
Gozag
Hepliaklqana
Kikubaaqudgha
Makhleb
Nemelex Xobeh
Qazlal
Ru
Sif Muna
Uskayaw
Vehumet
Xom
The Shining One
Beogh

Annotations:
D:11 Snorg


Innate Abilities, Weirdness & Mutations

You have razor-sharp teeth.
You heal very quickly.
When hurt, damage is shared between your health and your magic reserves.
Your bite disrupts and absorbs the magic of your enemies.
Potions and wands cannot restore your health.
You are immune to rotting.
Your muscles are strong. (Str +2)


Message History

Uskayaw links your audience in an emotional bond!
You closely miss the wolf.
You kill the wolf!
You bite the wolf! You drain its power.
You kill the wolf!
You closely miss the komodo dragon. Your bite misses the komodo dragon.
The komodo dragon is moderately wounded.
The komodo dragon is no longer sharing its pain.
You block the komodo dragon's attack.
You closely miss the komodo dragon.
You bite the komodo dragon, but do no damage.
The komodo dragon is moderately wounded.
The wolf is no longer sharing its pain.
The komodo dragon misses you.
You hit the komodo dragon. You bite the komodo dragon. You drain its power.
The komodo dragon is heavily wounded.
The komodo dragon bites you!!
* * * LOW HITPOINT WARNING * * *
A red film seems to cover your vision as you go berserk!
You feel yourself moving faster!
You feel mighty! The komodo dragon bites you!!
You die...

#P#... ... #.....
#..# #..... #..#
P#..... #..#
....... #..#
##..... #..#
#.....h##..##
......hl@...#
##..#####...#
..####..##
.....)..#
.............#
..............#
..............#
##.............##
P.#.+P..#.##...#


You could see a komodo dragon and 2 wolves.

Vanquished Creatures
  A hydra (Lair:2)
  Erica (D:11)
  2 hill giants
  A cyclops (D:11)
  4 elephants (Lair:2)
  3 black mambas (Lair:2)
  Psyche (D:8)
  2 spiny frogs (Lair:1)
  A komodo dragon (Lair:3)
  The ghost of MollyMolluskus the Sneak, a novice OpFi (D:4)
  A merfolk (D:10)
  Prince Ribbit (D:6)
  2 polar bears (Lair:1)
  A troll (D:10)
  4 blink frogs (Lair:1)
  4 hippogriffs
  A hornet (D:11)
  A two-headed ogre (D:9)
  Sigmund (D:6)
  9 yaks
  A wyvern (Lair:1)
  2 basilisks
  5 water moccasins
  4 porcupines
  Duvessa (D:6)
  A black bear (D:8)
  2 ice beasts
  3 sky beasts
  4 orc warriors
  4 phantoms
  2 necrophages
  3 wolves (Lair:3)
  9 ogres
  An eye of draining (D:9)
  4 centaurs
  2 crocodiles
  A wyvern zombie (D:11)
  9 bullfrogs
  Dowan (D:6)
  2 scorpions
  A wyvern skeleton (D:10)
  An oklob sapling (D:5)
  A howler monkey (D:8)
  An electric eel (Lair:1)
  A crimson imp (D:11)
  2 centaur zombies
  3 hounds
  2 jellies
  8 orc priests
  A bullfrog skeleton (D:8)
  An iguana (D:11)
  16 orc wizards
  5 worker ants
  A killer bee zombie (D:10)
  2 hound skeletons
  2 worker ant zombies
  4 gnolls (D:6)
  9 adders
  A shadow imp (D:10)
  2 adder skeletons (D:5)
  5 worms
  5 dart slugs
  6 leopard geckos
  27 orcs
  5 giant cockroaches
  7 goblins
  7 hobgoblins
  9 jackals
  6 quokkas
  2 ball pythons
  10 bats
  4 frilled lizards
  A jackal skeleton (D:5)
  4 kobolds
  A leopard gecko skeleton (D:7)
  A quokka zombie (D:4)
  7 rats
  A plant (D:5)
275 creatures vanquished.

Vanquished Creatures (others)
  A centaur (D:9)
1 creature vanquished.

Grand Total: 276 creatures vanquished

Notes
Turn   | Place    | Note
-------+----------+-------------------------------------------
     0 | D:1      | rgaf the Vine Stalker Fighter began the quest for the Orb.
     0 | D:1      | Reached XP level 1. HP: 11/11 MP: 2/2
   236 | D:1      | Reached XP level 2. HP: 14/16 MP: 3/3
   876 | D:2      | Reached XP level 3. HP: 17/19 MP: 4/4
  1108 | D:2      | Gained mutation: Your natural rate of healing is unusually fast. [Vine Stalker growth]
  1108 | D:2      | Reached XP level 4. HP: 12/23 MP: 5/5
  1326 | D:2      | Found a shimmering altar of Xom.
  1644 | D:3      | Found a blossoming altar of Fedhas.
  1921 | D:3      | Reached XP level 5. HP: 27/27 MP: 6/6
  2195 | D:4      | Noticed MollyMolluskus's ghost (novice OpFi)
  2236 | D:4      | Noticed an ogre
  2309 | D:4      | Found a sparkling altar of Nemelex Xobeh.
  2309 | D:4      | Noticed an ogre
  2318 | D:4      | Identified the Compendium of Moulding and the Entourage
  2422 | D:4      | Noticed an ogre
  2429 | D:4      | Killed an ogre
  2429 | D:4      | Reached skill level 5 in Short Blades
  2429 | D:4      | Reached XP level 6. HP: 13/32 MP: 3/7
  2659 | D:4      | Noticed a phantom
  2673 | D:4      | Killed a phantom
  2674 | D:4      | Found an opulent altar of Gozag.
  2710 | D:4      | Killed MollyMolluskus's ghost
  2710 | D:4      | Reached XP level 7. HP: 30/35 MP: 6/8
  2819 | D:4      | Found a shattered altar of Ashenzari.
  2819 | D:4      | Found a sparkling altar of Nemelex Xobeh.
  2836 | D:5      | Entered Level 5 of the Dungeon
  2836 | D:5      | Found a shimmering altar of Xom.
  3080 | D:5      | Gained mutation: You have razor-sharp teeth. [Vine Stalker growth]
  3080 | D:5      | Reached XP level 8. HP: 36/39 MP: 9/9
  3267 | D:5      | Found a staircase to the Ecumenical Temple.
  3288 | Temple   | Entered the Ecumenical Temple
  3300 | Temple   | Became a worshipper of Uskayaw the Reveler
  3601 | D:5      | Reached * piety under Uskayaw
  3704 | D:5      | Reached ** piety under Uskayaw
  3711 | D:5      | Reached *** piety under Uskayaw
  3808 | D:6      | Noticed Dowan
  3822 | D:6      | Killed Dowan
  3846 | D:6      | Noticed Duvessa
  4007 | D:6      | Noticed Sigmund
  4019 | D:6      | Killed Sigmund
  4073 | D:6      | Noticed Prince Ribbit
  4075 | D:6      | Reached skill level 1 in Stealth
  4088 | D:6      | Reached **** piety under Uskayaw
  4092 | D:6      | Reached ***** piety under Uskayaw
  4093 | D:6      | Killed Prince Ribbit
  4093 | D:6      | Reached skill level 1 in Dodging
  4093 | D:6      | Reached skill level 2 in Stealth
  4093 | D:6      | Reached XP level 9. HP: 25/44 MP: 10/10
  4097 | D:6      | Reached skill level 3 in Stealth
  4179 | D:6      | Reached skill level 4 in Stealth
  4425 | D:6      | Killed Duvessa
  4761 | D:7      | Reached skill level 5 in Stealth
  4852 | D:7      | Found a white marble altar of Elyvilon.
  5248 | D:8      | Noticed Psyche
  5259 | D:8      | Killed Psyche
  5259 | D:8      | Reached skill level 6 in Stealth
  5352 | D:8      | Reached skill level 7 in Stealth
  5391 | D:8      | Reached XP level 10. HP: 43/51 MP: 9/11
  5579 | D:8      | Found a burning altar of Makhleb.
  5579 | D:8      | Found a faded altar of an unknown god.
  5584 | D:8      | Found a faded altar of an unknown god.
  5586 | D:8      | Found a sacrificial altar of Ru.
  5588 | D:8      | Found a shadowy altar of Dithmenos.
  5806 | D:8      | Reached skill level 8 in Stealth
  5861 | D:8      | Reached skill level 5 in Fighting
  6084 | D:8      | Noticed an eight-headed hydra
  6284 | D:9      | Found a radiant altar of Vehumet.
  6295 | D:9      | Found an ancient bone altar of Kikubaaqudgha.
  6321 | D:9      | Identified Kikubaaqudgha's Handbook of Black Arts
  6329 | D:9      | Found a deep blue altar of Sif Muna.
  6560 | D:9      | Reached skill level 5 in Armour
  6608 | D:9      | Reached skill level 9 in Stealth
  6637 | D:9      | Found a staircase to the Lair.
  6987 | D:10     | Entered Level 10 of the Dungeon
  7061 | D:10     | Gained mutation: Your muscles are strong. (Str +2) [potion of beneficial mutation]
  7306 | D:10     | Noticed a hill giant
  7350 | D:10     | Found a roughly hewn altar of Beogh.
  7699 | D:10     | Reached skill level 10 in Stealth
  7705 | D:10     | Reached XP level 11. HP: 51/56 MP: 12/12
  7730 | D:10     | Killed a hill giant
  8119 | D:11     | Noticed Erica
  8132 | D:11     | Killed Erica
  8132 | D:11     | Reached skill level 5 in Dodging
  8186 | D:11     | Noticed a hill giant
  8199 | D:11     | Killed a hill giant
  8199 | D:11     | Reached skill level 11 in Stealth
  8620 | D:11     | Noticed Snorg
  8649 | D:11     | Noticed a cyclops
  8657 | D:11     | Killed a cyclops
  8729 | D:11     | Paralysed by a hornet for 3 turns
  9054 | Lair:1   | Entered Level 1 of the Lair of Beasts
  9472 | Lair:1   | Reached skill level 12 in Stealth
 10121 | Lair:2   | Gained mutation: You heal very quickly. [Vine Stalker growth]
 10121 | Lair:2   | Reached XP level 12. HP: 47/63 MP: 13/13
 10349 | Lair:2   | Reached skill level 13 in Stealth
 10399 | Lair:2   | Found a staircase to the Swamp.
 10644 | Lair:2   | Noticed a six-headed hydra
 10651 | Lair:2   | Killed a six-headed hydra
 10684 | Lair:2   | Found a glowing golden altar of the Shining One.
 10936 | Lair:3   | Slain by a komodo dragon

Skill      XL: |  1  2  3  4  5  6  7  8  9 10 11 12 |
---------------+-------------------------------------+-----
Short Blades   | 2 3 4 5 7 8 9 |  9.6
Stealth        | 2 7 10 12 13 | 13.6
Fighting       | 3 4 5 7 |  7.7
Dodging        | 1 3 4 6 |  6.6
Armour         | 4 5 6 7 |  7.2
Shields        | |  2.6

Action                   |  1- 3 |  4- 6 |  7- 9 | 10-12 || total
-------------------------+-------+-------+-------+-------++-------
Melee: Rapier            |    98 |   143 |   295 |   537 ||  1073
       Bite              |    28 |    51 |   116 |   256 ||   451
Invok: Line Pass         |       |       |       |     1 ||     1
Evoke: Wand              |       |       |       |     2 ||     2
  Use: Scroll            |     3 |     3 |    11 |    11 ||    28
       Potion            |       |     1 |     2 |     3 ||     6
 Stab: Paralysed         |       |       |     9 |    24 ||    33
       Sleeping          |       |       |       |    11 ||    11
  Eat: Chunk             |     1 |     5 |     9 |    18 ||    33
Armor: Scale mail        |    26 |    40 |    63 |    86 ||   215
Dodge: Dodged            |    28 |    28 |    59 |   112 ||   227
Block: Shield            |    40 |    56 |    98 |   278 ||   472
       Reflection        |       |       |       |     6 ||     6
